TOP OF THE 1ST |
West Michigan Whitecaps batting - Pitching for Kannapolis Intimidators : RHP Jose Montoya
|
Pitching: RHP Jose Montoya
|
|
Batting: LHB Freddy Troncoso
|
0-0: Foul Ball, location: 2F 0-1: Foul Ball, location: 2F 0-2: Ball 1-2: Strikes out looking
|
Batting: RHB Aaron Cusick
|
0-0: Called Strike 0-1: Called Strike 0-2: Ground out 5-3 (Groundball, P, EV 87.5 MPH)
|
Batting: SHB Andy Vivas
|
0-0: Foul Ball, location: 2F 0-1: Foul Ball, location: 2F 0-2: Foul Ball, location: 2F 0-2: SINGLE (Popup, 56D, EV 63.8 MPH)
|
Batting: RHB Bill Cabrera
|
0-0: Called Strike 0-1: Fly out, F9 (Flyball, 9S, EV 84.4 MPH)
|
Top of the 1st over - 0 runs, 1 hit, 0 errors, 1 left on base; West Michigan 0 - Kannapolis 0 |
BOTTOM OF THE 1ST |
Kannapolis Intimidators batting - Pitching for West Michigan Whitecaps : RHP Ricky Tercero
|
Pitching: RHP Ricky Tercero
|
|
Batting: LHB John Thurman
|
0-0: Foul Ball, location: 2F 0-1: Called Strike 0-2: Ball 1-2: Foul Ball, location: 2F 1-2: Foul Ball, location: 2F 1-2: Foul Ball, location: 2F 1-2: Ball 2-2: Foul Ball, location: 2F 2-2: Strikes out swinging
|
Batting: LHB Alberto Carrasco
|
0-0: Ground out 4-3 (Groundball, 4, EV 95.6 MPH)
|
Batting: LHB Dustin Taylor
|
0-0: Reached on error, E4 (Groundball, 4, EV 86.3 MPH)
|
Batting: LHB Angel Tellez
|
0-0: Ball 1-0: Fly out, F9 (Flyball, 9D, EV 103.8 MPH)
|
Bottom of the 1st over - 0 runs, 0 hits, 1 error, 1 left on base; West Michigan 0 - Kannapolis 0 |
TOP OF THE 2ND |
West Michigan Whitecaps batting - Pitching for Kannapolis Intimidators : RHP Jose Montoya
|
Batting: RHB Dan Becvar
|
0-0: Foul Ball, location: 2F 0-1: Swinging Strike 0-2: Ground out 6-3 (Groundball, 6, EV 103.8 MPH)
|
Batting: RHB Jon Pierce
|
0-0: Called Strike 0-1: Ball 1-1: Foul Ball, location: 2F 1-2: Ball 2-2: Fly out, F8 (Flyball, 8LS, EV 84.4 MPH)
|
Batting: RHB Jordan Hall
|
0-0: Ground out 4-3 (Groundball, 4, EV 81.3 MPH)
|
Top of the 2nd over - 0 runs, 0 hits, 0 errors, 0 left on base; West Michigan 0 - Kannapolis 0 |
BOTTOM OF THE 2ND |
Kannapolis Intimidators batting - Pitching for West Michigan Whitecaps : RHP Ricky Tercero
|
Batting: RHB Jose Medina
|
0-0: Swinging Strike 0-1: SINGLE (Line Drive, 4D, EV 97.5 MPH)
|
Batting: RHB Micah Brown
|
0-0: Foul Ball, location: 2F 0-1: Called Strike 0-2: Strikes out swinging
|
Batting: RHB Mark Jones
|
0-0: Ball 1-0: Foul Ball, location: 2F 1-1: Called Strike 1-2: Ball 2-2: 2-RUN HOME RUN (Line Drive, 7LD, EV 99.4 MPH), Distance : 377 ft
|
Batting: RHB Tyrell Camp
|
0-0: Ball 1-0: Called Strike 1-1: Ground out 6-3 (Groundball, 6, EV 87.5 MPH)
|
Batting: RHB Danny Longoria
|
0-0: Ball 1-0: Foul Ball, location: 2F 1-1: Foul Ball, location: 2F 1-2: Ball 2-2: Ground out 6-3 (Groundball, 6S, EV 73.8 MPH)
|
Bottom of the 2nd over - 2 runs, 2 hits, 0 errors, 0 left on base; West Michigan 0 - Kannapolis 2 |
TOP OF THE 3RD |
West Michigan Whitecaps batting - Pitching for Kannapolis Intimidators : RHP Jose Montoya
|
Batting: RHB Rocky Hart
|
0-0: Foul Ball, location: 2F 0-1: Ball 1-1: Ball 2-1: SINGLE (Line Drive, 4M, EV 110.0 MPH)
|
Batting: RHB John Welch
|
0-0: Ball 1-0: Fielders Choice at 2nd, 5-4 (Groundball, 56, EV 85.0 MPH)
|
Batting: LHB Freddy Troncoso
|
0-0: Ball 1-0: Called Strike 1-1: Called Strike 1-2: Foul Ball, location: 2F 1-2: Strikes out looking
|
Batting: RHB Aaron Cusick
|
0-0: Called Strike 0-1: Ball 1-1: Called Strike 1-2: Strikes out swinging
|
Top of the 3rd over - 0 runs, 1 hit, 0 errors, 1 left on base; West Michigan 0 - Kannapolis 2 |
BOTTOM OF THE 3RD |
Kannapolis Intimidators batting - Pitching for West Michigan Whitecaps : RHP Ricky Tercero
|
Batting: LHB John Thurman
|
0-0: Foul Ball, location: 2F 0-1: Foul Ball, location: 2F 0-2: Foul Ball, location: 2F 0-2: Ball 1-2: Ball 2-2: Foul Ball, location: 2F 2-2: Strikes out swinging
|
Batting: LHB Alberto Carrasco
|
0-0: Called Strike 0-1: Ball 1-1: Ball 2-1: Ground out 5-3 (Groundball, 56S, EV 80.0 MPH)
|
Batting: LHB Dustin Taylor
|
0-0: Ball 1-0: SINGLE (Groundball, 6MS, EV 62.5 MPH) (infield hit)
|
Batting: LHB Angel Tellez
|
0-0: Called Strike Dustin Taylor steals 2nd base 0-1: Called Strike 0-2: Ball 1-2: Strikes out looking
|
Bottom of the 3rd over - 0 runs, 1 hit, 0 errors, 1 left on base; West Michigan 0 - Kannapolis 2 |
TOP OF THE 4TH |
West Michigan Whitecaps batting - Pitching for Kannapolis Intimidators : RHP Jose Montoya
|
Batting: SHB Andy Vivas
|
0-0: SINGLE (Line Drive, 78S, EV 102.5 MPH)
|
Batting: RHB Bill Cabrera
|
0-0: Swinging Strike 0-1: Fly out, F8 (Line Drive, 8LM, EV 106.9 MPH)
|
Batting: RHB Dan Becvar
|
0-0: Foul Ball, location: 2F 0-1: Fly out, F8 (Flyball, 8RD, EV 98.1 MPH)
|
Batting: RHB Jon Pierce
|
0-0: Foul Ball, location: 2F 0-1: Called Strike 0-2: Ball 1-2: Ball 2-2: Foul Ball, location: 2F 2-2: Fly out, F4 (Popup, 34, EV 75.0 MPH)
|
Top of the 4th over - 0 runs, 1 hit, 0 errors, 1 left on base; West Michigan 0 - Kannapolis 2 |
BOTTOM OF THE 4TH |
Kannapolis Intimidators batting - Pitching for West Michigan Whitecaps : RHP Ricky Tercero
|
Batting: RHB Jose Medina
|
0-0: Ball 1-0: Called Strike 1-1: Fly out, F8 (Flyball, 8RXD, EV 96.9 MPH)
|
Batting: RHB Micah Brown
|
0-0: Called Strike 0-1: Ball 1-1: Swinging Strike 1-2: Foul Ball, location: 2F 1-2: Strikes out swinging
|
Batting: RHB Mark Jones
|
0-0: Called Strike 0-1: Swinging Strike 0-2: Foul Ball, location: 2F 0-2: Foul Ball, location: 2F 0-2: Ball 1-2: Ball 2-2: Ground out 6-3 (Groundball, 6M, EV 87.5 MPH)
|
Bottom of the 4th over - 0 runs, 0 hits, 0 errors, 0 left on base; West Michigan 0 - Kannapolis 2 |
TOP OF THE 5TH |
West Michigan Whitecaps batting - Pitching for Kannapolis Intimidators : RHP Jose Montoya
|
Batting: RHB Jordan Hall
|
0-0: Ball 1-0: Called Strike 1-1: Swinging Strike 1-2: Ball 2-2: Foul Ball, location: 2F 2-2: Ball 3-2: DOUBLE (Flyball, 8LXD, EV 107.5 MPH)
|
Batting: RHB Rocky Hart
|
0-0: Foul Ball, location: 2F 0-1: Foul Ball, location: 2F 0-2: Strikes out swinging
|
Batting: RHB John Welch
|
0-0: Foul Ball, location: 2F 0-1: Called Strike 0-2: Strikes out swinging
|
Batting: LHB Freddy Troncoso
|
0-0: Called Strike 0-1: Called Strike 0-2: Ball 1-2: Ball 2-2: Foul Ball, location: 2F 2-2: Ball 3-2: Base on Balls
|
Batting: RHB Aaron Cusick
|
0-0: Ball 1-0: SINGLE (Groundball, 56D, EV 94.4 MPH) Jordan Hall to third Freddy Troncoso to second
|
Batting: SHB Andy Vivas
|
0-0: Foul Ball, location: 2F 0-1: Fielders Choice at 2nd, 6-4 (Groundball, 56, EV 106.3 MPH)
|
Top of the 5th over - 0 runs, 2 hits, 0 errors, 3 left on base; West Michigan 0 - Kannapolis 2 |
BOTTOM OF THE 5TH |
Kannapolis Intimidators batting - Pitching for West Michigan Whitecaps : RHP Ricky Tercero
|
Batting: RHB Tyrell Camp
|
0-0: Ball 1-0: Foul Ball, location: 2F 1-1: Foul Ball, location: 2F 1-2: Ball 2-2: Fly out, F7 (Line Drive, 7D, EV 95.0 MPH)
|
Batting: RHB Danny Longoria
|
0-0: Called Strike 0-1: Called Strike 0-2: Ball 1-2: SINGLE (Groundball, 6MD, EV 110.6 MPH)
|
Batting: LHB John Thurman
|
0-0: Ball 1-0: Ball 2-0: Fielders Choice at 2nd, 6-4 (Groundball, 6, EV 81.9 MPH)
|
Batting: LHB Alberto Carrasco
|
0-0: Ball John Thurman is caught stealing 2nd base 2-6
|
Bottom of the 5th over - 0 runs, 1 hit, 0 errors, 0 left on base; West Michigan 0 - Kannapolis 2 |
TOP OF THE 6TH |
West Michigan Whitecaps batting - Pitching for Kannapolis Intimidators : RHP Jose Montoya
|
Batting: RHB Bill Cabrera
|
0-0: Swinging Strike 0-1: Called Strike 0-2: Ball 1-2: Strikes out looking
|
Batting: RHB Dan Becvar
|
0-0: Fly out, F9 (Flyball, 9S, EV 89.4 MPH)
|
Batting: RHB Jon Pierce
|
0-0: Ball 1-0: Ground out 3-1 (Groundball, 34S, EV 93.8 MPH)
|
Top of the 6th over - 0 runs, 0 hits, 0 errors, 0 left on base; West Michigan 0 - Kannapolis 2 |
BOTTOM OF THE 6TH |
Kannapolis Intimidators batting - Pitching for West Michigan Whitecaps : RHP Ricky Tercero
|
Batting: LHB Alberto Carrasco
|
0-0: Ball 1-0: Ball 2-0: Ball 3-0: Base on Balls
|
Batting: LHB Dustin Taylor
|
0-0: Ball 1-0: SINGLE (Line Drive, 4M, EV 108.8 MPH) Alberto Carrasco to second
|
Batting: LHB Angel Tellez
|
0-0: Called Strike 0-1: Called Strike 0-2: Ball 1-2: Foul Ball, location: 2F 1-2: Ball 2-2: Fielders Choice at 2nd, 1-4 (Groundball, 15S, EV 69.4 MPH) Alberto Carrasco to third
|
Batting: RHB Jose Medina
|
0-0: Called Strike 0-1: Foul Ball, location: 2F 0-2: Ball Wild Pitch! Alberto Carrasco scores Angel Tellez to second 1-2: Foul Ball, location: 2F 1-2: Foul Ball, location: 2F 1-2: Strikes out swinging
|
Batting: RHB Micah Brown
|
0-0: Hit by Pitch
|
Batting: RHB Mark Jones
|
0-0: Ball 1-0: Ball 2-0: Called Strike 2-1: Ball 3-1: Called Strike 3-2: Foul Ball, location: 2F 3-2: Base on Balls Angel Tellez to third Micah Brown to second
|
Pitching: RHP Vince Stocker
|
|
Batting: RHB Tyrell Camp
|
0-0: Called Strike 0-1: Called Strike 0-2: Strikes out looking
|
Bottom of the 6th over - 1 run, 1 hit, 0 errors, 3 left on base; West Michigan 0 - Kannapolis 3 |
TOP OF THE 7TH |
West Michigan Whitecaps batting - Pitching for Kannapolis Intimidators : RHP Jose Montoya
|
Batting: RHB Jordan Hall
|
0-0: Ball 1-0: Ground out 5-3 (Groundball, 56, EV 85.6 MPH)
|
Batting: RHB Rocky Hart
|
0-0: Ball 1-0: Ball 2-0: Swinging Strike 2-1: Swinging Strike 2-2: Strikes out swinging
|
Batting: RHB John Welch
|
0-0: Called Strike 0-1: Ground out 5-3 (Groundball, 56D, EV 90.6 MPH)
|
Top of the 7th over - 0 runs, 0 hits, 0 errors, 0 left on base; West Michigan 0 - Kannapolis 3 |
BOTTOM OF THE 7TH |
Kannapolis Intimidators batting - Pitching for West Michigan Whitecaps : RHP Vince Stocker
|
Batting: RHB Danny Longoria
|
0-0: Ground out 5-3 (Groundball, 5, EV 90.6 MPH)
|
Batting: LHB John Thurman
|
0-0: Ball 1-0: Ground out 4-3 (Groundball, 34, EV 91.3 MPH)
|
Batting: LHB Alberto Carrasco
|
0-0: Called Strike 0-1: Ground out 5-3 (Groundball, 5L, EV 89.4 MPH)
|
Bottom of the 7th over - 0 runs, 0 hits, 0 errors, 0 left on base; West Michigan 0 - Kannapolis 3 |
TOP OF THE 8TH |
West Michigan Whitecaps batting - Pitching for Kannapolis Intimidators : RHP Jose Montoya
|
Batting: LHB Freddy Troncoso
|
0-0: SINGLE (Groundball, 15S, EV 68.1 MPH) (infield hit)
|
Batting: RHB Aaron Cusick
|
0-0: Fly out, F7 (Flyball, 7, EV 90.6 MPH)
|
Batting: SHB Andy Vivas
|
0-0: SINGLE (Groundball, 4MD, EV 103.1 MPH) Freddy Troncoso to second Runner from 2nd tries for 3rd, OUT! 8-5 Andy Vivas to second
|
Batting: RHB Bill Cabrera
|
0-0: Foul Ball, location: 2F 0-1: Called Strike 0-2: Foul Ball, location: 2F 0-2: Ball 1-2: Fly out, F8 (Flyball, 89XD, EV 98.1 MPH)
|
Top of the 8th over - 0 runs, 2 hits, 0 errors, 1 left on base; West Michigan 0 - Kannapolis 3 |
BOTTOM OF THE 8TH |
Kannapolis Intimidators batting - Pitching for West Michigan Whitecaps : RHP Vince Stocker
|
Batting: LHB Dustin Taylor
|
0-0: Ball 1-0: Ball 2-0: Called Strike 2-1: Foul Ball, location: 2F 2-2: Ground out U3 (Groundball, 3, EV 107.5 MPH)
|
Batting: LHB Angel Tellez
|
0-0: Foul Ball, location: 2F 0-1: Fly out, F7 (Flyball, 7, EV 81.3 MPH)
|
Batting: RHB Jose Medina
|
0-0: Ball 1-0: Called Strike 1-1: Ball 2-1: Swinging Strike 2-2: Strikes out swinging
|
Bottom of the 8th over - 0 runs, 0 hits, 0 errors, 0 left on base; West Michigan 0 - Kannapolis 3 |
TOP OF THE 9TH |
West Michigan Whitecaps batting - Pitching for Kannapolis Intimidators : RHP Jose Montoya
|
Pitching: RHP Tony Arriaga
|
|
Batting: RHB Dan Becvar
|
0-0: Ball 1-0: Swinging Strike 1-1: DOUBLE (Line Drive, 7D, EV 104.4 MPH)
|
Batting: RHB Jon Pierce
|
0-0: Foul Ball, location: 2F 0-1: Ball 1-1: Foul Ball, location: 2F 1-2: Foul Ball, location: 2F 1-2: Strikes out swinging
|
Batting: RHB Jordan Hall
|
0-0: Called Strike 0-1: Ball 1-1: Ball 2-1: Called Strike 2-2: Strikes out swinging
|
Batting: RHB Rocky Hart
|
0-0: Swinging Strike 0-1: Swinging Strike 0-2: SINGLE (Groundball, P, EV 88.1 MPH) (infield hit) Dan Becvar to third
|
Batting: RHB John Welch
|
0-0: Called Strike 0-1: Foul Ball, location: 2F 0-2: Foul Ball, location: 2F 0-2: Ball 1-2: Strikes out swinging
|
Top of the 9th over - 0 runs, 2 hits, 0 errors, 2 left on base; West Michigan 0 - Kannapolis 3 |
|